 Dungeon Crawl Stone Soup version 0.23.1 (webtiles) character file.

Game seed: 11611118677145967449

87 XSreality the Chopper (level 4, -8/41 HPs)
             Began as a Hill Orc Monk on Mar 2, 2019.
             Killed from afar by Natasha (9 damage)
             ... with a magic dart
             ... on level 2 of the Dungeon.
             The game lasted 00:03:51 (1414 turns).

XSreality the Chopper (Hill Orc Monk)               Turns: 1414, Time: 00:03:52

Health: -8/41      AC:  6    Str: 14    XL:     4   Next: 51%
Magic:  4/4        EV: 10    Int: 10    God:
Gold:   51         SH:  0    Dex: 13    Spells: 3/3 levels left

rFire    . . .     SeeInvis .   a - +0 hand axe
rCold    . . .     Gourm    .   (no shield)
rNeg     . . .     Faith    .   j - +0 scale mail
rPois    .         Spirit   .   (no helmet)
rElec    .         Reflect  .   (no cloak)
rCorr    .         Harm     .   (no gloves)
MR       .....                  (no boots)
Stlth    ..........             (no amulet)
HPRegen  0.13/turn              (no ring)
MPRegen  0.09/turn              (no ring)

@: slowed, very slow
A: no striking features
a: no special abilities


You were on level 2 of the Dungeon.
You were not hungry.

You visited 1 branch of the dungeon, and saw 2 of its levels.

You collected 51 gold pieces.

Inventory:

Hand Weapons
 a - a +0 hand axe (weapon)
Armour
 j - a +0 scale mail (worn)
Scrolls
 b - 3 scrolls of identify {unknown}
 g - a scroll of immolation {unknown}
 i - a scroll of enchant weapon {unknown}
 l - a scroll of remove curse {unknown}
 m - a scroll of enchant armour {unknown}
Potions
 d - a potion of lignification {unknown}
 e - 2 potions of haste {unknown}
 f - a potion of resistance {unknown}
 h - a potion of mutation {unknown}
 k - a potion of brilliance {unknown}
Comestibles
 c - 2 rations
 n - 5 chunks of flesh


   Skills:
 + Level 4.7 Fighting
 + Level 5.2 Axes
 + Level 1.7 Armour
 - Level 2.5 Dodging
 - Level 1.6 Stealth


You had 3 spell levels left.
You didn't know any spells.
Your spell library was empty.

Dungeon Overview and Level Annotations

Branches:
Dungeon (2/15)

Altars:

Annotations:
D:2 Natasha


Message History

Natasha claws you!
You hit Natasha but do no damage.
Natasha is moderately wounded.
Natasha claws you. Natasha misses you.
You hit Natasha but do no damage.
Natasha is moderately wounded.
Natasha claws you.
* * * LOW HITPOINT WARNING * * *
Natasha claws you!
* * * LOW HITPOINT WARNING * * *
You barely miss Natasha.
Natasha is moderately wounded.
The shadow imp disappears in a puff of smoke!
Natasha claws you but does no damage.
Natasha stares at you and mumbles some strange words.
The magic dart hits you.
* * * LOW HITPOINT WARNING * * *
Natasha casts a spell at you. The magic dart hits you!
You die...

#.........#.#
#.........#.#
#######.........#.#
#.#.............#.# .#
#.#.# #......).##.# ..
..#.# #...........# #.
#h#.# #.......#####
..#..#.#.###.......###
.......#†@...........#
#.....§h.###.......#.#
..######.#.....#####.#
..#.###.# #.#
####.###.#####.#
#........##.#
#.###.......#
.....###.####
####............


You could see Natasha.

Vanquished Creatures
  Natasha (D:2)
  An adder (D:2)
  2 oozes (D:2)
  3 leopard geckos (D:1)
  A giant cockroach (D:1)
  5 goblins
  8 hobgoblins (D:1)
  3 jackals (D:2)
  8 kobolds (D:1)
  A quokka (D:2)
  A bat (D:1)
  A frilled lizard (D:1)
  3 rats (D:1)
38 creatures vanquished.

Notes
Turn   | Place    | Note
-------+----------+-------------------------------------------
     0 | D:1      | XSreality the Hill Orc Monk began the quest for the Orb.
     0 | D:1      | Reached XP level 1. HP: 19/19 MP: 1/1
    94 | D:1      | Reached XP level 2. HP: 9/27 MP: 2/2
   589 | D:1      | Reached XP level 3. HP: 33/33 MP: 3/3
  1203 | D:2      | Noticed Natasha
  1209 | D:2      | Killed Natasha
  1209 | D:2      | Reached skill level 5 in Axes
  1209 | D:2      | Reached skill level 1 in Armour
  1209 | D:2      | Reached XP level 4. HP: 41/41 MP: 4/4
  1236 | D:2      | Found a faded altar of an unknown god.
  1398 | D:2      | Noticed Natasha
  1414 | D:2      | HP: 1/41 [Natasha/magic dart (5)]
  1414 | D:2      | Killed from afar by Natasha

Skill      XL: |  1  2  3 |
---------------+----------+-----
Fighting       | 4 |  4.7
Axes           | 5 |  5.2
Armour         | 1 |  1.7
Dodging        | |  2.5
Stealth        | |  1.6

Action                   |  1- 3 |  4- 6 || total
-------------------------+-------+-------++-------
Melee: Hand axe          |    76 |    47 ||   123
  Eat: Chunk             |     1 |     1 ||     2
Armor: Scale mail        |    25 |    23 ||    48
Dodge: Dodged            |    53 |    24 ||    77
